 Dungeon Sprint DCSS version 0.31-a0-716-gc7603755dd (webtiles) character file.

Game seed: 12622186243058130025

65293 Conn the Scorcher (level 15, -2/101 HPs)
             Began as an Octopode Fire Elementalist on Sept 10, 2023.
             Was the Champion of Sif Muna.
             Killed from afar by Gloorx Vloq (17 damage)
             ... with a poison arrow
             ... in the Dungeon (Sprint II: "The Violet Keep of Menkaure").
             The game lasted 02:22:11 (9394 turns).

Conn the Scorcher (Octopode Fire Elementalist)      Turns: 9394, Time: 02:22:11

Health: -2/101     AC:  9    Str: 11    XL:     15   Next: 15%
Magic:  14/59      EV: 27    Int: 28    God:    Sif Muna [******]
Gold:   3526       SH: 20    Dex: 20    Spells: 1/50 levels left

rFire   + + .        q - staff of fire
rCold   + + .        M - +2 kite shield {reflect}
rNeg    + + +        a - +2 hat
rPois   +            O - amulet of reflection
rElec   +            x - ring "Omuun" {rCorr EV+5 Dex+3}
rCorr   +            F - ring "Jeabb" {*Corrode rC+ Will++ Str+2}
SInv    +            L - ring "Heext" {rPois rC+ MP+9 Stlth+}
Will    ++++.        J - ring "Paovasis" {Wiz rF+ Str+2}
Stlth   ++++++++     w - +5 ring of evasion
HPRegen 0.36/turn    g - ring "Qewkap" {rN+++ Will+ MP+9 Stlth+}
MPRegen 0.36/turn    d - ring "Ygetsawi" {*Corrode rElec rF+ AC+4 Dex+4}
                     U - ring of the Hurtling Queen {Int+5 SInv}

%: no teleportation, corrode self (6%), reflection, wizardry (x1)
@: lethally poisoned (-2 -> -24), hasted and slowed, studying Fire Magic
A: almost no armour, amphibious, 8 rings, camouflage 1, gelatinous body 1,
nimble swimmer 1, tentacles, tentacle spike 1, iridescent scales 1, high MP 1,
weak 1, heat vulnerability 1, MP-powered wands
a: Renounce Religion, Channel Magic, Forget Spell, Divine Exegesis


You were in the Dungeon.
You worshipped Sif Muna.
Sif Muna was exalted by your worship.
You visited 1 branch You collected 8218 gold pieces.
You spent 4692 gold pieces at shops.

Inventory:

Hand Weapons
 b - the +4 scimitar "Wijous" {vamp, rElec}
   (You bought it in a shop in the Dungeon)

   rElec:     It insulates you from electricity.
 z - the +7 hand cannon "Mule" {flame, backblast, rF+}
   (You found it in the Dungeon)

   rF+:       It protects you from fire.
Missiles
 S - 3 curare-tipped darts
Armour
 a - a +2 hat (worn)
 M - a +2 kite shield of reflection (worn)
Magical Staves
 q - a staff of fire (weapon)
Jewellery
 d - the ring "Ygetsawi" (on tentacle) {*Corrode rElec rF+ AC+4 Dex+4}
   (You bought it in a shop in the Dungeon)

   [ring of protection]

   AC+4:      It affects your AC (+4).
   Dex+4:     It affects your dexterity (+4).
   rF+:       It protects you from fire.
   rElec:     It insulates you from electricity.
   *Corrode:  It may corrode you when you take damage.
 f - a ring of protection from fire
 g - the ring "Qewkap" (on tentacle) {rN+++ Will+ MP+9 Stlth+}
   (You acquired it in the Dungeon)

   [ring of magical power]

   rN+++:     It renders you almost immune to negative energy.
   Will+:     It increases your willpower.
   MP+9:      It affects your magic capacity (+9).
   Stlth+:    It makes you more stealthy.
 p - an amulet of the acrobat
 s - a ring of protection from cold
 t - a ring of poison resistance
 w - a +5 ring of evasion (on tentacle)
 x - the ring "Omuun" (left tentacle) {rCorr EV+5 Dex+3}
   (You bought it in a shop in the Dungeon)

   [ring of evasion]

   EV+5:      It affects your evasion (+5).
   Dex+3:     It affects your dexterity (+3).
   rCorr:     It protects you from acid and corrosion.
 C - a +6 ring of intelligence
 F - the ring "Jeabb" (right tentacle) {*Corrode rC+ Will++ Str+2}
   (You bought it in a shop in the Dungeon)

   [ring of protection from cold]

   Str+2:     It affects your strength (+2).
   rC+:       It protects you from cold.
   Will++:    It greatly increases your willpower.
   *Corrode:  It may corrode you when you take damage.
 G - a ring of ice
 J - the ring "Paovasis" (on tentacle) {Wiz rF+ Str+2}
   (You acquired it in the Dungeon)

   [ring of wizardry]

   Wiz:       It improves your spell success rate.
   Str+2:     It affects your strength (+2).
   rF+:       It protects you from fire.
 K - the ring of Deph {Wiz rElec}
   (You acquired it in the Dungeon)

   [ring of wizardry]

   Wiz:       It improves your spell success rate.
   rElec:     It insulates you from electricity.
 L - the ring "Heext" (on tentacle) {rPois rC+ MP+9 Stlth+}
   (You acquired it in the Dungeon)

   [ring of magical power]

   rC+:       It protects you from cold.
   rPois:     It protects you from poison MP+9: It affects your magic capacity
   (+9).
   Stlth+:    It makes you more stealthy.
 N - a ring of resist corrosion
 O - an amulet of reflection (around mantle)
 P - an amulet of regeneration
 Q - a ring of ice
 T - the ring of Wishful Thinking {rElec rF- Will+ Dex+3}
   (You found it in the Dungeon)

   [ring of willpower]

   Dex+3:     It affects your dexterity (+3).
   rF-:       It makes you vulnerable to fire.
   rElec:     It insulates you from electricity.
   Will+:     It increases your willpower.
 U - the ring of the Hurtling Queen (on tentacle) {Int+5 SInv}
   (You bought it in a shop in the Dungeon)

   [ring of see invisible]

   Int+5:     It affects your intelligence (+5).
   SInv:      It lets you see invisible.
 V - the amulet of Pullaum {RegenMP +Inv Will- Str+9}
   (You acquired it in the Dungeon)

   [amulet of magic regeneration]

   RegenMP:   It increases your rate of magic regeneration.
   Str+9:     It affects your strength (+9).
   Will-:     It decreases your willpower.
   +Inv:      It lets you turn invisible.
 W - the ring of Polytheism {rElec rPois MP+9 Str-3}
   (You found it in the Dungeon)

   [ring of magical power]

   Str-3:     It affects your strength (-3).
   rElec:     It insulates you from electricity.
   rPois:     It protects you from poison MP+9: It affects your magic capacity
   (+9).
Wands
 y - a wand of iceblast (1)
 A - a wand of paralysis (5)
 I - a wand of mindburst (9)
Scrolls
 i - a scroll of torment
 j - 3 scrolls of fear
 m - a scroll of vulnerability
 o - 2 scrolls of enchant weapon
 r - a scroll of fog
 E - a scroll of identify
 R - a scroll of immolation
Potions
 c - 2 potions of heal wounds
 e - 2 potions of curing
 h - 5 potions of enlightenment
 k - 2 potions of resistance
 l - 2 potions of magic
 n - 6 potions of haste
 u - 2 potions of lignification
 v - a potion of brilliance
 B - 30 potions of mutation
 X - a potion of berserk rage
Miscellaneous
 H - a tin of tremorstones (2/2)


   Skills:
 * Level 9.3 Fighting
 + Level 2.8 Long Blades
 + Level 2.2 Staves
 + Level 7.8 Dodging
 - Level 7.0 Stealth
 * Level 10.7 Shields
 + Level 18.4 Spellcasting
 * Level 17.4 Conjurations
 - Level 13.2 Hexes
 - Level 8.4 Summonings
 - Level 5.0 Translocations
 - Level 3.0 Transmutations
 * Level 19.7 Fire Magic
 + Level 3.8 Ice Magic
 + Level 11.2 Air Magic
 - Level 4.4 Poison Magic
 - Level 14.0 Invocations


You had one spell level left.
You knew the following spells:

 Your Spells              Type           Power      Damage    Failure   Level
a - Foxfire               Conj/Fire      100%       2x1d9     0%          1
b - Scorch                Fire           100%       2d9       0%          2
c - Inner Flame           Hex/Fire       100%       N/A       0%          3
d - Fireball              Conj/Fire      57%        3d22      1%          5
e - Mephitic Cloud        Conj/Pois/Air  73%        N/A       1%          3
f - Orb of Destruction    Conj           44%        9d12      1%          7
g - Summon Guardian Gole  Hex/Summ       72%        N/A       1%          3
h - Iskenderun's Mystic   Conj/Tloc      73%        2d15      1%          4
i - Starburst             Conj/Fire      57%        6d15      1%          6
j - Blink                 Tloc           100%       N/A       1%          2
k - Ignition              Fire           58%        3d16      3%          8
l - Freezing Cloud        Conj/Ice/Air   36%        6-21      1%          5

Your spell library contained the following spells:

 Spells                   Type           Power      Damage    Failure   Level
 Magic Dart               Conj           100%       1d8       0%          1
 Shock                    Conj/Air       100%       1d9       0%          1
 Slow                     Hex            100%       N/A       0%          1
 Necrotise                Necr           100%       1d9       1%          1
 Sting                    Tmut/Pois      100%       1d8       1%          1
 Summon Small Mammal      Summ           100%       N/A       1%          1
 Searing Ray              Conj           100%       2d8       0%          2
 Static Discharge         Conj/Air       100%       2-7/arc   0%          2
 Flame Wave               Conj/Fire      100%       2d21      0%          4
 Sticky Flame             Conj/Fire      100%       2d11      0%          4
 Call Imp                 Summ           100%       N/A       1%          2
 Cigotuvi's Dreadful Rot  Necr/Pois/Air  100%       N/A       1%          2
 Ensorcelled Hibernation  Hex/Ice        100%       N/A       1%          2
 Jinxbite                 Hex            100%       N/A       1%          2
 Lesser Beckoning         Tloc           100%       N/A       1%          2
 Momentum Strike          Conj/Tloc      100%       3d10      1%          2
 Passwall                 Tmut/Erth      28%        N/A       1%          2
 Poisonous Vapours        Pois/Air       100%       N/A       1%          2
 Wereblood                Tmut           42%        N/A       1%          2
 Call Canine Familiar     Summ           65%        N/A       1%          3
 Confusing Touch          Hex            79%        N/A       1%          3
 Dazzling Flash           Conj/Hex       100%       N/A       1%          3
 Frozen Ramparts          Ice            94%        1d15      1%          3
 Hailstorm                Conj/Ice       71%        3d15      1%          3
 Ignite Poison            Fire/Tmut/Pois 86%        N/A       1%          3
 Sigil of Binding         Hex            79%        N/A       1%          3
 Stone Arrow              Conj/Erth      100%       3d13      1%          3
 Swiftness                Air            73%        N/A       1%          3
 Teleport Other           Tloc           52%        N/A       1%          3
 Tukima's Dance           Hex            79%        N/A       1%          3
 Volatile Blastmotes      Fire/Tloc      100%       2d18      1%          3
 Airstrike                Air            36%        2d(6-22)  1%          4
 Anguish                  Hex/Necr       29%        N/A       1%          4
 Cause Fear               Hex            39%        N/A       1%          4
 Dimensional Bullseye     Hex/Tloc       33%        N/A       1%          4
 Fulminant Prism          Conj/Hex       42%        3d19      1%          4
 Leda's Liquefaction      Hex/Erth       29%        N/A       1%          4
 Summon Lightning Spire   Summ/Air       69%        N/A       1%          4
 Vhi's Electric Charge    Tloc/Air       100%       N/A       1%          4
 Arcjolt                  Conj/Air       41%        1d51      1%          5
 Irradiate                Conj/Tmut      35%        3d23      1%          5
 Iskenderun's Battlesphe  Conj           89%        2d14      1%          5
 Metabolic Englaciation   Hex/Ice        32%        N/A       1%          5
 Silence                  Hex/Air        38%        N/A       1%          5
 Summon Mana Viper        Hex/Summ       72%        N/A       1%          5
 Yara's Violent Unravell  Hex/Tmut       31%        3d13      1%          5
 Conjure Ball Lightning   Conj/Air       41%        3x3d13    1%          6
 Plasma Beam              Fire/Air       53%        2x1d68    1%          6
 Sublimation of Blood     Necr           25%        N/A       2%          2
 Manifold Assault         Tloc           52%        N/A       2%          4
 Olgreb's Toxic Radiance  Pois           50%        N/A       2%          4
 Summon Forest            Summ/Tloc      29%        N/A       3%          5
 Enfeeble                 Hex            39%        N/A       6%          7
 Leda's Unmaking          Conj/Erth      32%        9d6       8%          6
 Spellforged Servitor     Conj/Summ      39%        N/A       8%          7
 Summon Cactus Giant      Summ           32%        N/A       9%          6
 Petrify                  Tmut/Erth      34%        N/A       10%         4
 Alistair's Intoxication  Tmut/Pois      30%        N/A       11%         5
 Animate Dead             Necr           25%        N/A       17%         4
 Dispel Undead            Necr           25%        3d12      17%         4
 Agony                    Necr           25%        N/A       43%         5
 Lee's Rapid Deconstruct  Erth           12%        3d9*      43%         5
 Discord                  Hex            39%        N/A       43%         8
 Fire Storm               Conj/Fire      57%        8d14      61%         9
 Malign Gateway           Summ/Tloc      29%        N/A       65%         7
 Maxwell's Capacitive Co  Air            36%        ∞         71%         8
 Simulacrum               Ice/Necr       18%        N/A       73%         6
 Haunt                    Necr/Summ      24%        N/A       92%         7
 Lehudib's Crystal Spear  Conj/Erth      32%        10d8      96%         8
 Chain Lightning          Conj/Air       41%        3d54      99%         9
 Borgnjor's Revivificati  Necr           12%        N/A       100%        8
 Death's Door             Necr           12%        N/A       100%        9
 Dragon's Call            Summ           32%        N/A       100%        9


Dungeon Overview and Level Annotations

Branches:
Dungeon (1/1)

Altars:
Cheibriados
Dithmenos
Elyvilon
Fedhas
Gozag
Hepliaklqana
Kikubaaqudgha
Makhleb
Nemelex Xobeh
Okawaru
Qazlal
Ru
Sif Muna
Trog
Uskayaw
Vehumet
Wu Jian
Xom
Yredelemnul
Zin
The Shining One
Jiyva
Lugonu

Shops:
D ([=::*[=**:*:[!!??[*=[!=**?=(!=[:([(

Annotations:
D Gloorx Vloq


Innate Abilities, Weirdness & Mutations

You cannot wear most types of armour.
You are amphibious.
You can wear up to eight rings at the same time.
Your skin changes colour to match your surroundings (Stealth+).
Your rubbery body absorbs attacks. (AC +1, EV +1)
You are camouflaged when in or above water. (Stealth+)
You have tentacles for arms and can constrict up to eight enemies at once.
One of your tentacles bears a spike.
You are partially covered in iridescent scales. (AC +2)
You have an increased reservoir of magic. (+10% MP)
You are weak. (Str -2)
You are vulnerable to heat. (rF-)
You expend magic power (3 MP) to strengthen your wands.


Message History

Unknown command.
You feel better.
You are engulfed in dark miasma.
Gloorx Vloq moans, "Embrace submission, thou defiled moon-mazed measle!"
You block Gloorx Vloq's attack.
Casting: Iskenderun's Mystic Blast (safe; 1% risk of failure)
Confirm with . or Enter, or press ? or * to list all spells.
You blink.
Floosh!
You fall into the shallow water.
You are engulfed in dark miasma.
You are poisoned.
You feel yourself slow down.
You feel very sick.
Unknown command.
Unknown command.
Unknown command.
Casting: Blink (safe; 1% risk of failure)
Confirm with . or Enter, or press ? or * to list all spells.
Casting: Starburst (mildly dangerous; 1% risk of failure)
Press: ? - help, Dir - look around, f - activate You feel a surge of power!
The bolt of fire hits Gloorx Vloq!!
Gloorx Vloq is severely wounded.
You are engulfed in dark miasma.
* * * LOW HITPOINT WARNING * * *
You feel very sick.
You feel better.
You feel less invigorated. Gloorx Vloq gestures at you.
The foul vapour misses you.
Casting: Starburst (mildly dangerous; 1% risk of failure)
Confirm with . or Enter, or press ? or * to list all spells.
You blink.
Floosh!
You are engulfed in dark miasma.
You are poisoned.
* * * LOW HITPOINT WARNING * * *
x2 You feel very sick.
Gloorx Vloq gestures at you. The poison arrow hits you!
You are lethally poisoned!
You partially resist.
You die...

_..#§§§##≈≈≈▓§§§§§§##
._.#~§§§####▓▓▓▓▓§##
_._#~~§~≈##..#..▓~#
._.#~§~§§≈#..#..▓○#
_._#~§§§§§'..'..▓&#
._.#~~~§≈~#..#..▓○#
_._#~~§≈§§▓.§#..▓○#
...#§≈§§▓▓▓▓▓▓▓▓▓○#
####§§≈≈▓...≈≈≈≈@§#
~~~~§§≈§▓...≈≈≈≈○~#
####≈▓▓▓▓▓▓▓▓▓≈≈○)#
)).#▓▓..§§§~§▓▓○○~#
...#▓.§§§.§§§~▓▓~~#
[.§§§~§~§%~§§§.'~~#
.|.##.~~~§§~§~#####
[.§###§§~§§~§## .[.#
#########


You could see Gloorx Vloq (poisoned).

Vanquished Creatures
  A royal mummy (D)
  the Lernaean hydra (D)
  A curse toe (D)
  2 golden dragons (D)
  A bone dragon (D)
  An electric golem (D)
  A hellephant (D)
  A deep elf blademaster (D)
  A deep elf master archer (D)
  A sphinx (D)
  A kraken (D)
  Kirke (D)
  A storm dragon (D)
  Roxanne (D)
  A draconian knight (D)
  A frost giant (D)
  A draconian shifter (D)
  A vampire knight (D)
  A cacodemon (D)
  Nessos (D)
  3 lorocyprocas (D)
  An iron golem (D)
  A deep elf high priest (D)
  A yaktaur captain (D)
  A great orb of eyes (D)
  A centaur warrior (D)
  A hell hog (D)
  An iron elemental (D)
  A death yak (D)
  Sonja (D)
  3 sixfirhies (D)
  A skeletal warrior (D)
  2 death drakes (D)
  2 deep trolls (D)
  A glowing orange brain (D)
  An orange crystal statue (D)
  A harpy (D)
  An obsidian statue (D)
  3 orc sorcerers (D)
  An oklob plant (D)
  14 shining eyes (D)
  A toenail golem (D)
  An elephant (D)
  An eye of devastation (D)
  A yaktaur (D)
  A kobold demonologist (D)
  2 cane toads (D)
  2 unseen horrors (D)
  A hornet (D)
  4 polar bears (D)
  2 slime creatures (D)
  6 flying skulls (D)
  5 wyverns (D)
  3 yaks (D)
  4 neqoxecs (D)
  A redback (D)
  8 water moccasins (D)
  10 floating eyes (D)
  5 necrophages (D)
  5 scorpions (D)
  9 electric eels (D)
  A jelly (D)
  A lava snake (D)
  4 orc priests (D)
  An iron imp (D)
  A spectral adder (D)
  A spectral quokka (D)
  2 tentacles (D)
146 creatures vanquished.

Vanquished Creatures (collateral kills)
  A sphinx (D)
  A crystal guardian (D)
  An ice dragon (D)
  A hell hog (D)
  A shining eye (D)
  3 manticores (D)
  2 toenail golems (D)
  2 wyverns (D)
  A redback (D)
  2 earth elementals (D)
  A lava snake (D)
16 creatures vanquished.

Vanquished Creatures (others)
  Gastronok (D)
  A storm dragon (D)
  A dire elephant (D)
  A polar bear (D)
  A golden eye (D)
  Menkaure (D)
  2 swamp drakes (D)
  2 lava snakes (D)
  138 foxfires (D)
  54 tentacles (D)
202 creatures vanquished.

Grand Total: 364 creatures vanquished

Notes
Turn   | Place    | Note
-------+----------+-------------------------------------------
     0 | D        | Conn the Octopode Fire Elementalist began the quest for the
                  | Orb.
     0 | D        | Reached XP level 1. HP: 11/11 MP: 3/3
     1 | D        | Noticed a neqoxec
    12 | D        | Gained mutation: You have hidden genetic defects. [a
                  | neqoxec]
    14 | D        | Killed a neqoxec
    15 | D        | Reached skill level 5 in Spellcasting
    15 | D        | Reached skill level 6 in Fire Magic
    15 | D        | Reached XP level 2. HP: 7/17 MP: 4/8
    15 | D        | Reached XP level 3. HP: 8/21 MP: 4/9
    15 | D        | Reached XP level 4. HP: 11/27 MP: 4/11
    15 | D        | Reached XP level 5. HP: 13/31 MP: 4/12
    24 | D        | Gained mutation: You sometimes lose your temper in combat.
                  | [hidden defects]
    41 | D        | Learned a level 2 spell: Scorch
    45 | D        | Learned a level 3 spell: Inner Flame
    53 | D        | Reached skill level 7 in Fire Magic
    56 | D        | Reached skill level 5 in Stealth
    56 | D        | Reached skill level 8 in Fire Magic
    56 | D        | Reached XP level 6. HP: 20/36 MP: 0/15
    56 | D        | Gained mutation: You are dopey. (Int -2) [hidden defects]
    56 | D        | Lost mutation: You have hidden genetic defects. [hidden
                  | defects expressed]
    61 | D        | Reached skill level 5 in Conjurations
    64 | D        | Reached skill level 9 in Fire Magic
    78 | D        | Learned a level 4 spell: Flame Wave
   112 | D        | Killed Menkaure
   123 | D        | Noticed a neqoxec
   127 | D        | Killed a neqoxec
   128 | D        | Reached XP level 7. HP: 41/41 MP: 6/18
   207 | D        | Found Qimaduv's Distillery.
   208 | D        | Found Zureogen's Antique Weapon Boutique.
   209 | D        | Found Astovo's Magic Scroll Shop.
   209 | D        | Found Nudduawn's Jewellery Shop.
   209 | D        | Found Zoilad's Distillery.
   209 | D        | Found Disorghih's General Store.
   209 | D        | Found Jonoeb's Antique Armour Shop.
   209 | D        | Noticed a neqoxec
   211 | D        | Found Koaled's Armour Shop.
   211 | D        | Noticed a neqoxec
   212 | D        | Found Yveop's Distillery.
   212 | D        | Found Fueciwnu's Antique Armour Boutique.
   216 | D        | Gained mutation: You are frail. (-10% HP) [a neqoxec]
   217 | D        | Gained mutation: Your body sometimes deteriorates upon
                  | taking damage. [a neqoxec]
   223 | D        | Killed a neqoxec
   224 | D        | Reached skill level 5 in Dodging
   224 | D        | Reached skill level 10 in Fire Magic
   224 | D        | Killed a neqoxec
   228 | D        | Found Zitu's Assorted Antiques.
   228 | D        | Found Gevirch's Jewellery Boutique.
   228 | D        | Noticed an oklob plant
   229 | D        | Found Onkogepp's Book Shop.
   229 | D        | Found Ceckurrer's Jewellery Boutique.
   229 | D        | Found Juomp's Book Shoppe.
   238 | D        | Reached skill level 10 in Spellcasting
   238 | D        | Reached XP level 8. HP: 21/41 MP: 4/22
   242 | D        | Noticed a wyvern
   243 | D        | Noticed a wyvern
   254 | D        | Bought a crystal scimitar for 135 gold pieces
   254 | D        | Identified the +4 scimitar "Wijous" {vamp, rElec} (You
                  | bought it in a shop in the Dungeon)
   257 | D        | Bought a book of Minor Magic for 234 gold pieces
   262 | D        | Learned a level 3 spell: Mephitic Cloud
   265 | D        | Learned a level 2 spell: Call Imp
   272 | D        | Bought a potion of heal wounds for 50 gold pieces
   272 | D        | Bought a potion of heal wounds for 50 gold pieces
   298 | D        | Reached skill level 1 in Summonings
   298 | D        | Reached skill level 1 in Air Magic
   326 | D        | Noticed a wyvern
   326 | D        | Noticed a wyvern
   333 | D        | Killed a wyvern
   338 | D        | Killed a wyvern
   339 | D        | Reached skill level 11 in Fire Magic
   355 | D        | Found a blossoming altar of Fedhas.
   355 | D        | Found an opulent altar of Gozag.
   356 | D        | Found a white marble altar of Elyvilon.
   356 | D        | Found a burning altar of Makhleb.
   357 | D        | Found a shadowy altar of Dithmenos.
   357 | D        | Found a corrupted altar of Lugonu.
   358 | D        | Found a snail-covered altar of Cheibriados.
   358 | D        | Found an ancient bone altar of Kikubaaqudgha.
   358 | D        | Found a bloodstained altar of Trog.
   359 | D        | Found a viscous altar of Jiyva.
   359 | D        | Found a shimmering blue altar of Sif Muna.
   360 | D        | Found a hazy altar of Hepliaklqana.
   360 | D        | Found a sacrificial altar of Ru.
   361 | D        | Found a shimmering altar of Xom.
   362 | D        | Found a stormy altar of Qazlal.
   362 | D        | Found an ornate altar of the Wu Jian Council.
   362 | D        | Found a sparkling altar of Nemelex Xobeh.
   362 | D        | Found a hide-covered altar of Uskayaw.
   362 | D        | Found a basalt altar of Yredelemnul.
   362 | D        | Found a glowing golden altar of the Shining One.
   362 | D        | Noticed a hornet
   362 | D        | Noticed a polar bear
   363 | D        | Found a radiant altar of Vehumet.
   363 | D        | Found an iron altar of Okawaru.
   363 | D        | Found a glowing silver altar of Zin.
   363 | D        | Noticed a yaktaur
   370 | D        | Became a worshipper of Sif Muna the Loreminder
   375 | D        | Noticed an orange crystal statue
   476 | D        | Noticed a polar bear
   479 | D        | Noticed a polar bear
   493 | D        | Killed a hornet
   498 | D        | Killed a yaktaur
   498 | D        | Reached * piety under Sif Muna
   499 | D        | Reached skill level 1 in Fighting
   499 | D        | Reached skill level 1 in Long Blades
   499 | D        | Reached XP level 9. HP: 17/47 MP: 7/24
   499 | D        | Killed a polar bear
   500 | D        | Reached skill level 1 in Hexes
   501 | D        | Killed a polar bear
   511 | D        | Killed a polar bear
   511 | D        | Reached ** piety under Sif Muna
   512 | D        | Reached skill level 1 in Poison Magic
   512 | D        | Reached skill level 1 in Invocations
   637 | D        | Noticed a kraken
   647 | D        | Reached skill level 12 in Fire Magic
  1311 | D        | Noticed a deep troll
  1312 | D        | Noticed a deep troll
  1330 | D        | Killed a deep troll
  1330 | D        | Reached *** piety under Sif Muna
  1331 | D        | Reached XP level 10. HP: 53/53 MP: 1/26
  1532 | D        | Killed a deep troll
  1533 | D        | Reached skill level 5 in Summonings
  1769 | D        | Killed a kraken
  1770 | D        | Reached skill level 13 in Fire Magic
  1888 | D        | Learned a level 3 spell: Summon Guardian Golem
  1894 | D        | Learned a level 5 spell: Irradiate
  1898 | D        | Learned a level 3 spell: Call Canine Familiar
  1900 | D        | Learned a level 1 spell: Summon Small Mammal
  2041 | D        | Bought a +2 hat for 192 gold pieces
  2052 | D        | Bought a scroll labelled FINKIY OCANG for 15 gold pieces
  2083 | D        | Bought a ring of protection from cold for 275 gold pieces
  2090 | D        | Bought a ring of poison resistance for 240 gold pieces
  2098 | D        | Bought a potion of lignification for 39 gold pieces
  2103 | D        | Bought a potion of lignification for 30 gold pieces
  2103 | D        | Bought a potion of heal wounds for 50 gold pieces
  2103 | D        | Bought a potion of brilliance for 40 gold pieces
  2127 | D        | Reached **** piety under Sif Muna
  2134 | D        | Reached skill level 1 in Transmutations
  2140 | D        | Reached ***** piety under Sif Muna
  2140 | D        | Received a gift from Sif Muna
  2154 | D        | Learned a level 8 spell: Ignition
  2299 | D        | Noticed an obsidian statue
  2306 | D        | Found Vojeatil's Antique Armour Boutique.
  2344 | D        | Noticed a death drake
  2355 | D        | Noticed a death drake
  2361 | D        | Killed a death drake
  2361 | D        | Killed a death drake
  2361 | D        | Noticed a crystal guardian
  2362 | D        | Received a gift from Sif Muna
  2363 | D        | Reached XP level 11. HP: 8/56 MP: 23/29
  2364 | D        | Got Ucosef's Writings on Scintillating Venom {god gift}
  2493 | D        | Noticed Kirke
  2493 | D        | Noticed a yaktaur captain
  2494 | D        | Noticed a hell hog
  2494 | D        | Noticed a centaur warrior
  2501 | D        | Noticed a golden dragon
  2512 | D        | Killed a yaktaur captain
  2512 | D        | Killed a centaur warrior
  2512 | D        | Killed Kirke
  2512 | D        | Noticed a cacodemon
  2513 | D        | Reached skill level 15 in Spellcasting
  2513 | D        | Reached skill level 14 in Fire Magic
  2516 | D        | Noticed a skeletal warrior
  2516 | D        | Noticed a frost giant
  2518 | D        | Killed a cacodemon
  2520 | D        | Killed a golden dragon
  2521 | D        | Reached skill level 5 in Air Magic
  2521 | D        | Reached skill level 10 in Invocations
  2526 | D        | Killed a frost giant
  2527 | D        | Reached skill level 15 in Fire Magic
  2530 | D        | Killed a hell hog
  2530 | D        | Received a gift from Sif Muna
  2531 | D        | Reached XP level 12. HP: 29/62 MP: 32/32
  2531 | D        | Got Sif Muna's Directory of the Fifth Circle {god gift}
  2566 | D        | Noticed a hell hog
  2658 | D        | Killed a hell hog
  2659 | D        | Reached skill level 5 in Hexes
  2717 | D        | Noticed a bone dragon
  2761 | D        | Noticed a deep elf high priest
  2767 | D        | Killed a deep elf high priest
  2768 | D        | Reached skill level 1 in Staves
  2782 | D        | Killed a bone dragon
  2782 | D        | Received a gift from Sif Muna
  2783 | D        | Got Sif Muna's Cyclopedia of Charms {god gift}
  2790 | D        | Learned a level 5 spell: Freezing Cloud
  2951 | D        | Noticed a storm dragon
  2972 | D        | Killed a storm dragon
  2973 | D        | Reached skill level 1 in Ice Magic
  3290 | D        | Noticed a death yak
  3304 | D        | Killed a death yak
  3487 | D        | Learned a level 4 spell: Summon Lightning Spire
  3488 | D        | Found Wamucow's Weapon Emporium.
  3488 | D        | Found Muth's Assorted Antiques.
  3488 | D        | Found Gusus's Armour Shop.
  3488 | D        | Found Tecoycwipp's Antique Armour Shoppe.
  3488 | D        | Found Saumpeeq's Book Boutique.
  3489 | D        | Found Ruig's General Store.
  3489 | D        | Found Keur's Magic Scroll Boutique.
  3489 | D        | Found Jaaz's Assorted Antiques.
  3489 | D        | Found Noum's Jewellery Shop.
  3489 | D        | Found Jajecw's Magic Scroll Emporium.
  3489 | D        | Found Apoiw's Jewellery Shop.
  3489 | D        | Found Udefaj's General Store.
  3492 | D        | Bought a diamond ring for 90 gold pieces
  3492 | D        | Bought a notched cabochon ring for 90 gold pieces
  3506 | D        | Bought a book of Spatial Translocations for 252 gold pieces
  3511 | D        | Learned a level 2 spell: Blink
  3527 | D        | Bought a buckler for 81 gold pieces
  3824 | D        | Lost mutation: You sometimes lose your temper in combat.
                  | [mutagenic glow]
  3826 | D        | Found Noloseerch's Book Shoppe.
  3834 | D        | Gained mutation: Your body often deteriorates upon taking
                  | damage. [mutagenic glow]
  3858 | D        | Gained mutation: Your magical capacity is low. (-10% MP)
                  | [mutagenic glow]
  3868 | D        | Received a gift from Sif Muna
  3869 | D        | Reached skill level 16 in Fire Magic
  3869 | D        | Got Sif Muna's Grimoire of Unified Freezing {god gift}
  3941 | D        | Found the +2 pair of slick slippers {slick, slippery, EV+4}
  3946 | D        | Found Xabal's Distillery.
  3946 | D        | Found Vuomoubo's Book Shoppe.
  3946 | D        | Noticed Nessos
  3955 | D        | Killed Nessos
  4025 | D        | Got the Tome of the Quahog
  4056 | D        | Noticed Gastronok
  4065 | D        | Killed Gastronok
  4066 | D        | Reached XP level 13. HP: 45/66 MP: 11/30
  4098 | D        | Identified a scroll of acquirement
  4098 | D        | Acquired the ring "Qewkap" {rN+++ Will+ MP+9 Stlth+}
  4101 | D        | Found the +7 hand cannon "Mule" {flame, backblast, rF+}
  4112 | D        | Noticed a dire elephant
  4314 | D        | Killed a dire elephant
  4464 | D        | Received a gift from Sif Muna
  4475 | D        | Learned a level 5 spell: Fireball
  4483 | D        | Learned a level 7 spell: Orb of Destruction
  4503 | D        | Got the Volume of Corruption
  4509 | D        | Noticed Roxanne
  4512 | D        | Got the Excursus on the Flashy Catacomb
  4514 | D        | Got the Tome of the Ikuchi
  4582 | D        | Lost mutation: Your magical capacity is low. (-10% MP)
                  | [mutagenic glow]
  4595 | D        | Gained mutation: You occasionally lose the ability to drink
                  | potions when taking damage. [mutagenic glow]
  4598 | D        | Lost mutation: You are frail. (-10% HP) [potion of
                  | mutation]
  4598 | D        | Lost mutation: You are dopey. (Int -2) [potion of mutation]
  4598 | D        | Lost mutation: Your body often deteriorates upon taking
                  | damage. [potion of mutation]
  4599 | D        | Lost mutation: Your body sometimes deteriorates upon taking
                  | damage. [potion of mutation]
  4599 | D        | Lost mutation: You occasionally lose the ability to drink
                  | potions when taking damage. [potion of mutation]
  4599 | D        | Gained mutation: You are agile. (Dex +4, Str/Int -1)
                  | [potion of mutation]
  4599 | D        | Gained mutation: You have a pair of small antennae on your
                  | head. [potion of mutation]
  4605 | D        | Gained mutation: Your body sometimes deteriorates upon
                  | taking damage. [mutagenic glow]
  4699 | D        | Noticed a sphinx
  4699 | D        | Noticed a sphinx
  4705 | D        | Killed a sphinx
  4705 | D        | Killed a sphinx
  4706 | D        | Reached skill level 5 in Shields
  4706 | D        | Reached skill level 10 in Conjurations
  4706 | D        | Reached skill level 5 in Translocations
  4706 | D        | Reached skill level 17 in Fire Magic
  4854 | D        | Bought a +6 ring of intelligence for 432 gold pieces
  5035 | D        | Found Sumyhace's Antique Weapon Boutique.
  5035 | D        | Found Upluufa's Armour Shoppe.
  5035 | D        | Found Abboid's Weapon Shop.
  5035 | D        | Found Reuxtiom's Jewellery Boutique.
  5035 | D        | Noticed a storm dragon
  5043 | D        | Killed a storm dragon
  5208 | D        | Noticed a golden dragon
  5224 | D        | Killed a golden dragon
  5403 | D        | Lost mutation: You are agile. (Dex +4, Str/Int -1) [potion
                  | of mutation]
  5403 | D        | Lost mutation: You have a pair of small antennae on your
                  | head. [potion of mutation]
  5403 | D        | Lost mutation: Your body sometimes deteriorates upon taking
                  | damage. [potion of mutation]
  5403 | D        | Gained mutation: You expend magic power (3 MP) to
                  | strengthen your wands. [potion of mutation]
  5403 | D        | Gained mutation: You have an increased reservoir of magic.
                  | (+10% MP) [potion of mutation]
  5403 | D        | Gained mutation: One of your tentacles bears a spike.
                  | [potion of mutation]
  5603 | D        | Bought a scroll of blinking for 82 gold pieces
  5686 | D        | Killed a crystal guardian
  5687 | D        | Reached skill level 18 in Fire Magic
  5702 | D        | Received a gift from Sif Muna
  5703 | D        | Got Sif Muna's Parchment of Congregated Doom {god gift}
  5710 | D        | Noticed an ice dragon
  5714 | D        | Killed an ice dragon
  5863 | D        | Noticed a deep elf master archer
  5869 | D        | Killed a deep elf master archer
  5970 | D        | Reached skill level 10 in Hexes
  5974 | D        | Noticed the 27-headed Lernaean hydra
  5986 | D        | Received a gift from Sif Muna
  5993 | D        | Got Sif Muna's Codex of Bombardment {god gift}
  6182 | D        | Noticed a black draconian knight
  6196 | D        | Killed a black draconian knight
  6410 | D        | Killed the 27-headed Lernaean hydra
  6411 | D        | Reached XP level 14. HP: 83/83 MP: 9/38
  6563 | D        | Found Piucu's General Store.
  6582 | D        | Acquired the ring "Paovasis" {Wiz rF+ Str+2}
  6588 | D        | Acquired the ring of Deph {Wiz rElec}
  6592 | D        | Acquired 905 gold pieces
  6594 | D        | Acquired the ring "Heext" {rPois rC+ MP+9 Stlth+}
  6599 | D        | Acquired 1132 gold pieces
  6610 | D        | Received a gift from Sif Muna
  6611 | D        | Got Sif Muna's Elucidation of the Mortuary Mesa {god gift}
  6636 | D        | Identified the ring "Nadonn" {*Corrode rPois rN+++ Str-5
                  | Dex+5}
  6757 | D        | Bought the ring "Ygetsawi" {*Corrode rElec rF+ AC+4 Dex+4}
                  | for 598 gold pieces
  6757 | D        | Bought the ring "Omuun" {rCorr EV+5 Dex+3} for 549 gold
                  | pieces
  6757 | D        | Bought the ring "Jeabb" {*Corrode rC+ Will++ Str+2} for 446
                  | gold pieces
  6757 | D        | Bought an amulet of reflection for 300 gold pieces
  6882 | D        | Noticed an electric golem
  6949 | D        | Gained mutation: You are partially covered in iridescent
                  | scales. (AC +2) [mutagenic glow]
  6980 | D        | Killed Roxanne
  7101 | D        | Noticed a deep elf blademaster
  7102 | D        | Identified the +3 quarterstaff of Xom's Supremacy {freeze,
                  | rElec Str+5 Int+2 Dex-3}
  7102 | D        | Identified the +1 robe of Tabue {Rampage MP+9 Str-2 SInv}
  7123 | D        | Killed a deep elf blademaster
  7123 | D        | Received a gift from Sif Muna
  7124 | D        | Reached skill level 5 in Fighting
  7138 | D        | Reached ****** piety under Sif Muna
  7297 | D        | Reached skill level 10 in Air Magic
  7387 | D        | Noticed a hellephant
  7387 | D        | Noticed Sonja
  7387 | D        | Noticed a purple draconian shifter
  7406 | D        | Killed a hellephant
  7406 | D        | Received a gift from Sif Muna
  7478 | D        | Killed a purple draconian shifter
  7514 | D        | Killed Sonja
  7623 | D        | Got Sif Muna's Almanac of Debased Secrets and
                  | Transmogrification {god gift}
  7747 | D        | Received a gift from Sif Muna
  7747 | D        | Received a gift from Sif Muna
  7747 | D        | Gained mutation: You are weak. (Str -2) [a shining eye]
  7748 | D        | Reached skill level 15 in Conjurations
  7749 | D        | Got Sif Muna's Handbook of Thunder and Geology {god gift}
  7749 | D        | Got Sif Muna's Papyrus of Peregrination {god gift}
  7755 | D        | Learned a level 4 spell: Iskenderun's Mystic Blast
  7763 | D        | Identified the ring of Wishful Thinking {rElec rF- Will+
                  | Dex+3}
  7833 | D        | Killed a lorocyproca
  7833 | D        | Received a gift from Sif Muna
  7838 | D        | Killed a lorocyproca
  7843 | D        | Killed a lorocyproca
  8119 | D        | Bought the ring of the Hurtling Queen {Int+5 SInv} for 422
                  | gold pieces
  8185 | D        | Killed an electric golem
  8495 | D        | Received a gift from Sif Muna
  8504 | D        | Gained mutation: You are vulnerable to heat. (rF-) [a
                  | shining eye]
  8505 | D        | Reached skill level 10 in Shields
  8507 | D        | Received a gift from Sif Muna
  8668 | D        | Got Sif Muna's Tractate on the Switch and Hexing {god gift}
  8693 | D        | Acquired 656 gold pieces
  8695 | D        | Acquired a manual of Fire Magic
  8697 | D        | Acquired the amulet of Pullaum {RegenMP +Inv Will- Str+9}
  8701 | D        | Identified the ring of Polytheism {rElec rPois MP+9 Str-3}
  8703 | D        | Identified the +10 orcbow "Vuiddai" {flame, rF+ rC+ Str+3}
  8704 | D        | Identified the +2 dagger of Causality {spect, SInv}
  8733 | D        | Learned a level 6 spell: Starburst
  8846 | D        | Noticed a vampire knight
  8846 | D        | Noticed Gloorx Vloq
  8866 | D        | Noticed an Executioner
  8869 | D        | Noticed an Executioner
  8869 | D        | Noticed an Executioner
  8869 | D        | Noticed an Executioner
  8869 | D        | Noticed an Executioner
  9043 | D        | Noticed a royal mummy
  9046 | D        | Killed a vampire knight
  9047 | D        | Reached XP level 15. HP: 100/100 MP: 38/40
  9050 | D        | Noticed an emperor scorpion
  9050 | D        | Noticed an emperor scorpion
  9050 | D        | Noticed an emperor scorpion
  9050 | D        | Noticed an emperor scorpion
  9053 | D        | Killed a royal mummy
  9054 | D        | Reached skill level 19 in Fire Magic
  9218 | D        | Noticed a curse toe
  9234 | D        | Killed a curse toe
  9234 | D        | Received a gift from Sif Muna
  9372 | D        | Noticed an Executioner
  9372 | D        | Noticed an Executioner
  9372 | D        | Noticed an Executioner
  9372 | D        | Noticed an Executioner
  9394 | D        | Killed from afar by Gloorx Vloq

Illustrated notes

Levels and vault maps discovered:
D:        the_violet_keep_of_menkaure [sprint2_stairs_cluster_1,
          sprint2_shoproom, sprint2_temple, sprint2_basic_supplies,
          sprint2_obstacle_7, sprint2_obstacle_4, sprint2_obstacle_5,
          sprint2_obstacle_3, sprint2_obstacle_6, sprint2_timed_cluster_1,
          sprint2_smallroom_cluster_1, sprint2_smallroom_final_cluster_1,
          sprint2_transparent_cluster_1, sprint2_second_timed_cluster_1,
          sprint2_sniper_area_1, sprint2_heavy_combat_area_1,
          sprint2_mutation_trap_area_1, sprint2_forest_area_1,
          sprint2_light_combat_area_1, sprint2_behind_water_1,
          sprint2_near_end_vault_1]

Skill      XL: |  1  2  3  4  5  6  7  8  9 10 11 12 13 14 15 |
---------------+----------------------------------------------+-----
Dodging        | 3 4 5 6 7 |  7.8
Stealth        | 4 5 6 7 |  7.0
Spellcasting   | 5 6 8 10 11 12 14 16 17 18 | 18.4
Conjurations   | 3 4 5 6 8 9 13 16 17 | 17.4
Fire Magic     | 6 8 9 10 11 12 13 15 16 18 19 | 19.7
Summonings     | 3 4 5 6 8 |  8.4
Air Magic      | 3 4 5 9 11 | 11.2
Fighting       | 1 3 8 9 |  9.3
Long Blades    | 1 2 |  2.8
Hexes          | 2 4 6 11 13 | 13.2
Poison Magic   | 1 4 |  4.4
Invocations    | 3 7 11 13 14 | 14.0
Transmutations | 3 |  3.0
Staves         | 1 2 |  2.2
Ice Magic      | 3 |  3.8
Shields        | 3 6 10 | 10.7
Translocations | 3 5 |  5.0

Action                     |  1- 3 |  4- 6 |  7- 9 | 10-12 | 13-15 || total
---------------------------+-------+-------+-------+-------+-------++-------
  Melee: Unarmed           |     7 |     2 |       |       |       ||     9
         Tentacles         |     2 |       |     2 |     6 |     2 ||    12
         Constrict         |     1 |       |     2 |     7 |     1 ||    11
         Scimitar          |       |       |     7 |     7 |       ||    14
         Staff             |       |       |       |    11 |     5 ||    16
         Kick              |       |       |       |       |     1 ||     1
   Cast: Foxfire           |       |     6 |    35 |    40 |    11 ||    92
         Scorch            |       |    11 |    34 |    58 |    73 ||   176
         Flame Wave        |       |       |     4 |     3 |       ||     7
         Inner Flame       |       |       |    11 |    28 |    18 ||    57
         Mephitic Cloud    |       |       |     9 |    19 |     9 ||    37
         Call Imp          |       |       |    11 |     8 |     2 ||    21
         Call Canine Famil |       |       |       |    13 |    10 ||    23
         Summon Guardian G |       |       |       |    17 |    30 ||    47
         Ignition          |       |       |       |     1 |     9 ||    10
         Irradiate         |       |       |       |     1 |       ||     1
         Summon Lightning  |       |       |       |     4 |    13 ||    17
         Freezing Cloud    |       |       |       |     1 |     2 ||     3
         Summon Small Mamm |       |       |       |     1 |       ||     1
         Fireball          |       |       |       |       |    22 ||    22
         Blink             |       |       |       |       |    23 ||    23
         Orb of Destructio |       |       |       |       |    45 ||    45
         Dragon's Call     |       |       |       |       |     1 ||     1
         Iskenderun's Myst |       |       |       |       |    16 ||    16
         Starburst         |       |       |       |       |     5 ||     5
 Invoke: Channel Magic     |       |       |       |     4 |     3 ||     7
         Divine Exegesis   |       |       |       |     1 |     1 ||     2
         Forget Spell      |       |       |       |     1 |     4 ||     5
    Use: Potion            |     2 |     3 |     3 |     6 |    21 ||    35
         Scroll            |       |       |     1 |     7 |    12 ||    20
   Stab: Confused          |       |       |     1 |     3 |       ||     4
         Sleeping          |       |       |       |     1 |       ||     1
 Armour: Skin              |     2 |     7 |    20 |    32 |    68 ||   129
  Dodge: Dodged            |     1 |     9 |    23 |    24 |    38 ||    95
  Block: Buckler           |       |       |       |       |     6 ||     6
         Kite shield       |       |       |       |       |    23 ||    23
         Reflection        |       |       |       |       |     2 ||     2

Table legend: (Time is in decaauts)
 A = Elapsed time spent in this place.
 B = Non-inter-level travel time spent in this place.
 C = Inter-level travel time spent in this place.
 D = Time resting spent in this place.
 E = Time spent auto-exploring this place.
 F = Levels seen in this place.
 G = Mean time per level.
                   A        B        C        D        E       F      G
               +--------+--------+--------+--------+--------+-----+--------+
         Total |   9356 |   9304 |     52 |   5062 |     32 |   1 | 9356.0 |
       Dungeon |   9356 |   9304 |     52 |   5062 |     32 |   1 | 9356.0 |
               +--------+--------+--------+--------+--------+-----+--------+

Top non-repeatable levels by time:
       D: 9356 daAuts
